 Dungeon Crawl Stone Soup version 0.26-a0-54-g15ccc7ae60 (webtiles) character file.

Game seed: 8446306717029988284

196 vurker the Charmwright (level 5, -12/43 HPs)
             Began as a Gnoll Skald on June 7, 2020.
             Mangled by an ogre
             ... wielding a +0 giant spiked club
              (13 damage)
             ... on level 5 of the Dungeon.
             The game lasted 00:04:52 (3330 turns).

vurker the Charmwright (Gnoll Skald)                Turns: 3330, Time: 00:04:53

Health: -12/43     AC: 12    Str: 13    XL:     5   Next: 74%
Magic:  12/12      EV:  2    Int: 17    God:
Gold:   36         SH:  8    Dex: 14    Spells: 10/14 levels left

rFire    + . .     SeeInvis .   a - +2 dagger (venom)
rCold    . . .     Gourm    .   k - +0 kite shield
rNeg     . . .     Faith    .   v - +1 plate armour {MR+}
rPois    .         Spirit   .   (no helmet)
rElec    .         Reflect  .   (no cloak)
rCorr    .         Harm     .   (no gloves)
MR       +....                  (no boots)
Stlth    ..........             c - amulet of the acrobat
HPRegen  0.14/turn              g - ring of protection from fire
MPRegen  0.13/turn              (no ring)

@: no status effects
A: distributed training, fangs 1, strong nose
a: no special abilities


You were on level 5 of the Dungeon.
You were not hungry.

You visited 1 branch of the dungeon, and saw 4 of its levels.

You collected 132 gold pieces.
You spent 96 gold pieces at shops.

Inventory:

Hand Weapons
 a - a +2 dagger of venom (weapon)
   (You took it off an orc on level 3 of the Dungeon)
 b - a +1 dagger of speed
   (You took it off a goblin on level 2 of the Dungeon)
Armour
 k - a +0 kite shield (worn)
   (You found it on level 1 of the Dungeon)
 v - a +1 plate armour of magic resistance (worn)
   (You found it on level 3 of the Dungeon)
Jewellery
 c - an amulet of the acrobat (around neck)
   (You found it on level 1 of the Dungeon)
 g - a ring of protection from fire (left hand)
   (You found it on level 1 of the Dungeon)
Scrolls
 d - a scroll of identify {unknown}
 h - 4 scrolls of teleportation {unknown}
 i - 2 scrolls of blinking {unknown}
 m - a scroll of magic mapping {unknown}
 o - a scroll of enchant weapon {unknown}
 p - a scroll of remove curse {unknown}
 t - a scroll of amnesia {unknown}
Potions
 f - 2 potions of magic {unknown}
 j - a potion of invisibility {unknown}
 n - a potion of degeneration {unknown}
 q - a potion of haste {unknown}
 r - a potion of mutation {unknown}
 s - a potion of stabbing {unknown}
 u - a potion of curing
 w - a potion of heal wounds
Comestibles
 e - 5 rations
 l - a chunk of flesh


   Skills:
 + Level 4.8 Fighting
 + Level 1.6 Short Blades
 + Level 1.6 Long Blades
 + Level 1.6 Axes
 + Level 1.6 Maces & Flails
 + Level 4.8 Polearms
 + Level 1.6 Staves
 + Level 1.6 Slings
 + Level 1.6 Bows
 + Level 1.6 Crossbows
 + Level 1.6 Throwing
 + Level 3.0 Armour
 + Level 4.8 Dodging
 + Level 1.6 Stealth
 + Level 1.6 Shields
 + Level 1.6 Unarmed Combat
 + Level 5.2 Spellcasting
 + Level 1.2 Conjurations
 + Level 1.2 Hexes
 + Level 5.5 Charms
 + Level 1.2 Summonings
 + Level 1.2 Necromancy
 + Level 1.2 Translocations
 + Level 1.2 Transmutations
 + Level 1.2 Fire Magic
 + Level 1.2 Ice Magic
 + Level 1.2 Air Magic
 + Level 1.2 Earth Magic
 + Level 1.2 Poison Magic
 + Level 1.8 Invocations
 + Level 1.6 Evocations


You had 10 spell levels left.
You knew the following spells:

 Your Spells              Type           Power        Failure   Level  Hunger
a - Infusion              Chrm           ###.         100%        1    None
b - Spectral Weapon       Hex/Chrm       ###.....     100%        3    ###....

Your spell library contained the following spells:

 Spells                   Type           Power        Failure   Level  Hunger
 Shroud of Golubria       Chrm/Tloc      ###...       100%        2    #......
 Song of Slaying          Chrm           ###.....     100%        2    #......
 Ozocubu's Armour         Chrm/Ice       ###.....     100%        3    ###....


Dungeon Overview and Level Annotations

Branches:
Dungeon (3/15)

Altars:
Dithmenos
Elyvilon
Hepliaklqana
Makhleb
Wu Jian

Shops:
D:5 }!!


Innate Abilities, Weirdness & Mutations

Your experience applies equally to all skills.
You have very sharp teeth.
Your uncanny sense of smell can sniff out nearby items.


Message History

The bullfrog zombie hits you but does no damage.
You hit the bullfrog zombie.
You destroy the bullfrog zombie!
No target in view!
Your +2 dagger of venom begins to drip with poison!
a - a +2 dagger of venom (weapon)
Found a stone staircase leading down.
There is a stone staircase leading down here.
There is an open door here.
You open the door.
There is an open door here.
Found a scroll labeled AJAICWIRUANG.
Found an escape hatch in the floor.
i - 2 scrolls labeled AJAICWIRUANG (gained 1) As you open the door, it creaks loudly!
Found 9 gold pieces.
Search for what [Enter for "ego", or ? for help]? ego
There is an open door here.
Some of the chunks of flesh in your inventory have rotted away.
You now have 36 gold pieces (gained 9).
Found a stone staircase leading up.
Found 4 gold pieces.
Found Vihuubboesi's Gadget Boutique.
Found a leather armour.
Found an escape hatch in the ceiling.
An ogre comes into view. It is wielding a +0 giant spiked club.
The ogre shouts!
An ogre is nearby!
Your +2 dagger of venom stops dripping with poison.
Your hands tingle!
b - a +1 dagger of speed (weapon)
Your +2 dagger of venom begins to drip with poison!
a - a +2 dagger of venom (weapon)
You hit the ogre.
The ogre is poisoned.
You block the ogre's attack.
Your plate armour prevents you from hitting the ogre.
Your bite misses the ogre.
The ogre hits you with a +0 giant spiked club!
Your plate armour prevents you from hitting the ogre.
You block the ogre's attack.
You hit the ogre but do no damage. You hit the ogre.
The ogre hits you with a +0 giant spiked club!!
Ouch! That really hurt!
* * * LOW HITPOINT WARNING * * *
Your plate armour prevents you from hitting the ogre.
The ogre looks more healthy.
The ogre hits you with a +0 giant spiked club!
* * * LOW HITPOINT WARNING * * *
You hit the ogre.
The ogre is poisoned.
The ogre hits you with a +0 giant spiked club!
You die...

#........'.....#
#......###.....#
#......#
#...######
#......#
#.##.....#
########
#.##.###.#
###....# #.#
#<###### #.#
#.#.# #.#
#.#@######.#
#.#O.......##
#####.#.####....#
#..........'....+
#.....#.####....#
#.....#.# #....#
#######.# #....#
#.# #..>.# #.#
######


You could see an ogre (very poisoned).

Vanquished Creatures
  A bullfrog zombie (D:5)
  5 gnolls
  2 adders (D:2)
  An ooze (D:2)
  2 worms
  2 dart slugs
  4 leopard geckos
  8 orcs
  7 bats
  6 giant cockroaches
  7 goblins
  4 hobgoblins
  4 jackals (D:2)
  7 kobolds
  3 quokkas (D:3)
  5 frilled lizards
  4 rats
72 creatures vanquished.

Notes
Turn   | Place    | Note
-------+----------+-------------------------------------------
     0 | D:1      | vurker the Gnoll Skald began the quest for the Orb.
     0 | D:1      | Reached XP level 1. HP: 20/20 MP: 6/6
   147 | D:1      | Reached XP level 2. HP: 26/26 MP: 7/7
   532 | D:1      | Reached XP level 3. HP: 31/31 MP: 9/9
   737 | D:1      | Reached skill level 5 in Spellcasting
   762 | D:1      | Learned a level 3 spell: Spectral Weapon
  1042 | D:2      | Reached skill level 1 in Invocations
  1384 | D:2      | Found a white marble altar of Elyvilon.
  1429 | D:2      | Reached skill level 1 in Short Blades
  1429 | D:2      | Reached skill level 1 in Long Blades
  1429 | D:2      | Reached skill level 1 in Axes
  1429 | D:2      | Reached skill level 1 in Maces & Flails
  1429 | D:2      | Reached skill level 1 in Staves
  1429 | D:2      | Reached skill level 1 in Slings
  1429 | D:2      | Reached skill level 1 in Bows
  1429 | D:2      | Reached skill level 1 in Crossbows
  1429 | D:2      | Reached skill level 1 in Throwing
  1429 | D:2      | Reached skill level 1 in Stealth
  1429 | D:2      | Reached skill level 1 in Shields
  1429 | D:2      | Reached skill level 1 in Unarmed Combat
  1429 | D:2      | Reached skill level 1 in Evocations
  1429 | D:2      | Reached XP level 4. HP: 36/38 MP: 11/11
  1695 | D:2      | Found a burning altar of Makhleb.
  1695 | D:2      | Noticed a blizzard demon
  1733 | D:2      | Found a hazy altar of Hepliaklqana.
  2155 | D:2      | Reached skill level 1 in Conjurations
  2155 | D:2      | Reached skill level 1 in Hexes
  2155 | D:2      | Reached skill level 1 in Summonings
  2155 | D:2      | Reached skill level 1 in Necromancy
  2155 | D:2      | Reached skill level 1 in Translocations
  2155 | D:2      | Reached skill level 1 in Transmutations
  2155 | D:2      | Reached skill level 1 in Fire Magic
  2155 | D:2      | Reached skill level 1 in Ice Magic
  2155 | D:2      | Reached skill level 1 in Air Magic
  2155 | D:2      | Reached skill level 1 in Earth Magic
  2155 | D:2      | Reached skill level 1 in Poison Magic
  2401 | D:3      | Reached XP level 5. HP: 42/43 MP: 12/12
  2952 | D:3      | Found a shadowy altar of Dithmenos.
  3075 | D:3      | Found an ornate altar of the Wu Jian Council.
  3133 | D:3      | You fall into a shaft and drop 2 floors!
  3133 | D:5      | Entered Level 5 of the Dungeon
  3135 | D:5      | Found Suyju's Distillery.
  3138 | D:5      | Bought a potion of curing for 36 gold pieces
  3138 | D:5      | Bought a potion of heal wounds for 60 gold pieces
  3200 | D:5      | Found Ehoeda Utor's Distillery.
  3306 | D:5      | Found Vihuubboesi's Gadget Boutique.
  3309 | D:5      | Noticed an ogre
  3328 | D:5      | HP: 1/43 [ogre/+0 giant spiked club (8)]
  3330 | D:5      | Mangled by an ogre

Illustrated notes

Levels and vault maps discovered:
D:1:      nzn_arrival_crosshair, layout_basic
D:2:      layout_loops_ring, makhleb_altar_promises_db, lemuel_round_altar,
          elyvilon_altar_5
D:3:      lemuel_castle_with_subvaults [lemuel_castle_interior_carwin_1],
          layout_basic, lemuel_coloured_pillars_altar, lemuel_doored_altar,
          first_ration, minmay_distorted
D:5:      layout_basic, lemuel_crystal_altar, nicolae_overflow_hidden_temple,
          serial_shops, nicolae_shop_statue_plus, shop_statue,
          nicolae_shop_crystal

Skill      XL: |  1  2  3  4  5 |
---------------+----------------+-----
Spellcasting   | 5 |  5.2
Invocations    | 1 |  1.8
Short Blades   | 1 |  1.6
Long Blades    | 1 |  1.6
Axes           | 1 |  1.6
Maces & Flails | 1 |  1.6
Staves         | 1 |  1.6
Slings         | 1 |  1.6
Bows           | 1 |  1.6
Crossbows      | 1 |  1.6
Throwing       | 1 |  1.6
Stealth        | 1 |  1.6
Shields        | 1 |  1.6
Unarmed Combat | 1 |  1.6
Evocations     | 1 |  1.6
Conjurations   | 1 |  1.2
Hexes          | 1 |  1.2
Summonings     | 1 |  1.2
Necromancy     | 1 |  1.2
Translocations | 1 |  1.2
Transmutations | 1 |  1.2
Fire Magic     | 1 |  1.2
Ice Magic      | 1 |  1.2
Air Magic      | 1 |  1.2
Earth Magic    | 1 |  1.2
Poison Magic   | 1 |  1.2
Armour         | 3 |  3.0
Fighting       | |  4.8
Polearms       | |  4.8
Dodging        | |  4.8
Charms         | |  5.5

Action                   |  1- 3 |  4- 6 || total
-------------------------+-------+-------++-------
Melee: Spear             |   124 |       ||   124
       Bite              |     2 |    13 ||    15
       Dagger            |       |   153 ||   153
  Eat: Chunk             |     2 |     6 ||     8
Armor: Leather armour    |     3 |       ||     3
       Ring mail         |    12 |     9 ||    21
       Scale mail        |       |    15 ||    15
       Plate armour      |       |     9 ||     9
Dodge: Dodged            |    42 |    57 ||    99
Block: Kite shield       |    10 |    67 ||    77

Table legend:
 A = Non-vault XP
 B = Vault XP
 C = Vault XP percentage of total XP
 D = Non-vault monster count
 E = Vault monster count
 F = Vault count percentage of total count
                 A         B        C        D         E       F
            +---------+---------+-------+---------+---------+-------
      Total |     237 |      43 |  15.4 |      64 |       8 |  11.1
            +---------+---------+-------+---------+---------+-------
        D:1 |      38 |       0 |   0.0 |      21 |       0 |   0.0
        D:2 |      93 |      22 |  19.1 |      20 |       5 |  20.0
        D:3 |      57 |      21 |  26.9 |      21 |       3 |  12.5
        D:5 |      49 |       0 |   0.0 |       2 |       0 |   0.0
            +---------+---------+-------+---------+---------+-------
